 Dungeon Crawl Stone Soup version 0.31-a0-986-g5e6e4ef867 (webtiles) character file.

Game seed: 9139311472525453597

3651 GloriousHammer the Spear-Bearer (level 9, -2/78 HPs)
             Began as a Minotaur Fighter on Nov 8, 2023.
             Slain by an eight-headed hydra (6 damage)
             ... summoned by the darkness of Dithmenos
             ... on level 8 of the Dungeon.
             The game lasted 00:14:37 (6388 turns).

GloriousHammer the Spear-Bearer (Minotaur Fighter)  Turns: 6388, Time: 00:14:38

Health: -2/78      AC: 14    Str: 26    XL:     9   Next: 88%
Magic:  8/8        EV: 15    Int:  6    God:
Gold:   111        SH: 15    Dex: 10    Spells: 8/8 levels left

rFire   . . .        a - +0 trident
rCold   . . .        x - +5 kite shield of Tigrahuf {rPois}
rNeg    . . .        b - +0 scale mail
rPois   +            (helmet restricted)
rElec   .            l - +1 cloak
rCorr   .            (no gloves)
SInv    .            (no boots)
Will    .....        g - amulet of regeneration Stlth
                     Y - +4 ring of slaying
HPRegen 1.13/turn    E - +5 ring of evasion
MPRegen 0.11/turn

%: no passive effects
@: hasted and slowed
A: horns 2, retaliatory headbutt, iridescent scales 2, strong 1, MP-powered
wands
a: no special abilities


You were on level 8 of the Dungeon.
You visited 2 branches of the dungeon, and saw 9 of its levels.

You collected 311 gold pieces.
You spent 200 gold pieces at shops.

Inventory:

Hand Weapons
 a - a +0 trident (weapon)
 A - a +1 spear of venom
Missiles
 q - 6 poisoned darts
 v - 2 boomerangs
Armour
 b - a +0 scale mail (worn)
 l - a +1 cloak (worn)
 x - the +5 kite shield of Tigrahuf (worn) {rPois}
   (You found it on level 6 of the Dungeon)

   rPois:     It protects you from poison
 y - a +2 leather armour of fire resistance
Jewellery
 c - a ring of protection from cold
 e - a +5 ring of evasion
 g - an amulet of regeneration (around neck)
 B - a ring of protection from cold
 C - a ring of protection from cold
 E - a +5 ring of evasion (right hand)
 R - a ring of resist corrosion
 Y - a +4 ring of slaying (left hand)
Scrolls
 f - a scroll of immolation {unknown}
 h - 2 scrolls of teleportation
 i - a scroll of enchant armour
 p - 2 scrolls of revelation {unknown}
 t - a scroll of poison {unknown}
 u - a scroll of blinking {unknown}
 w - 2 scrolls of fear {unknown}
 z - a scroll of butterflies {unknown}
Potions
 d - a potion of might
 j - a potion of mutation
 k - a potion of attraction {unknown}
 m - a potion of haste
 n - 2 potions of brilliance
 o - 2 potions of curing
 r - a potion of magic {unknown}
 s - 2 potions of lignification


   Skills:
 + Level 6.5 Fighting
 + Level 11.4 Polearms
 - Level 4.0 Throwing
 + Level 6.3 Armour
 + Level 4.6 Dodging
 * Level 8.1 Shields


You had 8 spell levels left.
You didn't know any spells.
Your spell library contained the following spells:

 Spells                   Type           Power      Damage    Failure   Level
 Blink                    Tloc           0%         N/A       96%         2
 Lesser Beckoning         Tloc           0%         N/A       96%         2
 Momentum Strike          Conj/Tloc      0%         3d8       96%         2
 Sublimation of Blood     Necr           0%         N/A       96%         2
 Petrify                  Tmut/Erth      0%         N/A       100%        4
 Irradiate                Conj/Tmut      0%         3d11      100%        5


Dungeon Overview and Level Annotations

Branches:
Dungeon (8/15)             Temple (1/1) D:4
   Lair: D:8-11

Altars:
Ashenzari
Cheibriados
Dithmenos
Elyvilon
Fedhas
Gozag
Hepliaklqana
Makhleb
Nemelex Xobeh
Okawaru
Qazlal
Trog
Uskayaw
Wu Jian
Xom
Zin
The Shining One

Shops:
D:4 (   D:6 *

Annotations:
D:1 exclusion: downstairs


Innate Abilities, Weirdness & Mutations

You have a pair of horns on your head.
You reflexively headbutt those who attack you in melee.
You are mostly covered in iridescent scales. (AC +4)
Your muscles are strong. (Str +4, Int/Dex -1)
You expend magic power (3 MP) to strengthen your wands.


Message History

Found a stone staircase leading up.
A two-headed ogre comes into view.
It is wielding a +0 giant club and a +0 giant spiked club.
The two-headed ogre shouts in stereo!
A two-headed ogre is nearby!
Unknown command.
You reach to attack!
You hit the two-headed ogre.
The two-headed ogre is lightly wounded.
You hit the two-headed ogre. You headbutt the two-headed ogre.
The two-headed ogre is lightly wounded.
You block the two-headed ogre's attack.
The two-headed ogre hits you with a +0 giant spiked club!
You puncture the two-headed ogre! You headbutt the two-headed ogre.
The two-headed ogre is heavily wounded.
You barely miss the two-headed ogre.
The two-headed ogre is heavily wounded.
You block the two-headed ogre's attack. The two-headed ogre misses you.
You hit the two-headed ogre. You headbutt the two-headed ogre!
The two-headed ogre is severely wounded.
You puncture the two-headed ogre!
The two-headed ogre is almost dead.
The two-headed ogre hits you with a +0 giant club!!
You block the two-headed ogre's attack.
You hit the two-headed ogre.
You headbutt the two-headed ogre, but do no damage.
The two-headed ogre is almost dead.
You hit the two-headed ogre but do no damage.
You headbutt the two-headed ogre.
The two-headed ogre is almost dead.
You block the two-headed ogre's attack. x2
You hit the two-headed ogre.
You kill the two-headed ogre!
You recover from your berserk rage.
Training target 4.0 for Throwing reached!
Your Throwing skill increases to level 4!
Your Shields skill increases to level 8!
Unknown command.
Unknown command.
Dithmenos weaves monsters from the shadows.
The divine experience drains your vigour!
You feel yourself slow down.
You feel yourself speed up.
You hit the eight-headed hydra.
The eight-headed hydra is lightly wounded.
You block the centaur warrior's attack.
The centaur warrior kicks you but does no damage.
You hit the eight-headed hydra. You headbutt the eight-headed hydra!
The eight-headed hydra is lightly wounded.
The eight-headed hydra bites you!
The eight-headed hydra bites you but does no damage.
You block the eight-headed hydra's attack.
The eight-headed hydra bites you.
The eight-headed hydra bites you but does no damage.
The eight-headed hydra completely misses you.
The eight-headed hydra bites you! x2
The centaur warrior hits you but does no damage.
The centaur warrior completely misses you.
You puncture the eight-headed hydra! You headbutt the eight-headed hydra!
The eight-headed hydra is heavily wounded.
You block the centaur warrior's attack. The centaur warrior barely misses you.
The eight-headed hydra bites you. The eight-headed hydra bites you!
The eight-headed hydra misses you. The eight-headed hydra bites you! x2
* * * LOW HITPOINT WARNING * * *
You block the eight-headed hydra's attack. x2
The eight-headed hydra bites you.
* * * LOW HITPOINT WARNING * * *
Okay, then.
It was a potion of mutation.
You feel extremely strange.
You feel your magical essence link to the dungeon's wands.
Iridescent scales grow over part of your body.
Iridescent scales spread over more of your body.
You feel stronger. You block the centaur warrior's attack.
The centaur warrior kicks you but does no damage.
The eight-headed hydra bites you but does no damage.
The eight-headed hydra barely misses you.
You block the eight-headed hydra's attack.
The eight-headed hydra misses you.
You block the eight-headed hydra's attack.
The eight-headed hydra bites you!
* * * LOW HITPOINT WARNING * * *
The eight-headed hydra bites you.
* * * LOW HITPOINT WARNING * * *
The eight-headed hydra bites you but does no damage.
The centaur warrior hits you but does no damage.
The centaur warrior misses you.
Okay, then.
Okay, then.
As you read the scroll labelled ODUBRAFROIRRE, it crumbles to dust.
It is a scroll of enchant armour.
Your +0 cloak glows green for a moment.
You block the centaur warrior's attack. x2
The eight-headed hydra closely misses you.
The eight-headed hydra bites you.
* * * LOW HITPOINT WARNING * * *
The eight-headed hydra bites you but does no damage.
The eight-headed hydra barely misses you.
The eight-headed hydra bites you.
* * * LOW HITPOINT WARNING * * *
The eight-headed hydra closely misses you.
The eight-headed hydra bites you.
You die...

..............#...
.................. ..
..##..........##.# ...
..###........###.####...
...#........####...#....
.......[....##)#.<......
........†......!........
.......††#.....D.c#..#
.........#####..@)...#
.........####...##......
...........##.####.#....
)...........#.##...# #..
............#.#..... .
....................
...........#.......#
...........#.###...#
............## .##


You could see an eight-headed hydra (summoned) and a centaur warrior (summoned).

Vanquished Creatures
  A two-headed ogre (D:8)
  2 shadow demons (D:7)
  Prince Ribbit (D:8)
  Sigmund (D:2)
  9 shadows
  A wraith (D:6)
  A wyvern (D:8)
  A steam dragon (D:8)
  Eustachio (D:6)
  A yak (D:8)
  Grum (D:8)
  2 black bears
  2 ice beasts (D:6)
  4 wolves (D:8)
  3 ogres
  2 phantoms (D:5)
  A bullfrog (D:7)
  3 wights (D:7)
  A jelly (D:5)
  2 hounds
  An orc priest (D:6)
  2 gnoll boudas
  Crazy Yiuf (D:6)
  4 iguanas
  2 orc wizards
  14 gnolls
  3 adders
  2 white imps
  6 ufetubi
  A worm (D:4)
  A dart slug (D:1)
  24 orcs
  6 bats
  4 endoplasms
  4 giant cockroaches
  8 goblins
  A hobgoblin (D:4)
  2 jackals (D:1)
  5 quokkas
  3 ball pythons
  4 frilled lizards
  10 kobolds
  3 rats
151 creatures vanquished.

Notes
Turn   | Place    | Note
-------+----------+-------------------------------------------
     0 | D:1      | GloriousHammer the Minotaur Fighter began the quest for the
                  | Orb.
     0 | D:1      | Reached XP level 1. HP: 19/19 MP: 0/0
   163 | D:1      | Reached skill level 3 in Polearms
   185 | D:1      | Reached XP level 2. HP: 26/26 MP: 1/1
   574 | D:2      | Noticed Sigmund
   578 | D:2      | Reached skill level 4 in Polearms
   780 | D:2      | Reached XP level 3. HP: 31/31 MP: 2/2
   794 | D:2      | Killed Sigmund
   795 | D:2      | Reached skill level 7 in Polearms
   795 | D:2      | Reached XP level 4. HP: 27/39 MP: 3/3
   795 | D:2      | Reached XP level 5. HP: 31/45 MP: 4/4
  1043 | D:2      | Found a faded altar of an unknown god.
  2549 | D:4      | Found Pune's Weapon Shop.
  2637 | D:4      | Reached XP level 6. HP: 47/51 MP: 5/5
  2653 | D:4      | Reached skill level 8 in Polearms
  2807 | D:4      | Found a staircase to the Ecumenical Temple.
  2922 | Temple   | Entered the Ecumenical Temple
  2940 | Temple   | Became a worshipper of Dithmenos the Shadowed
  3172 | Temple   | Fell from the grace of Dithmenos
  3301 | D:5      | Entered Level 5 of the Dungeon
  3446 | D:5      | Reached skill level 9 in Polearms
  3466 | D:5      | Reached XP level 7. HP: 51/57 MP: 6/6
  3703 | D:5      | Reached skill level 10 in Polearms
  4356 | D:6      | Reached skill level 1 in Throwing
  4356 | D:6      | Reached skill level 1 in Dodging
  4376 | D:6      | Reached XP level 8. HP: 53/66 MP: 7/7
  4437 | D:6      | Identified the +5 kite shield of Tigrahuf {rPois}
  4467 | D:6      | Found Raemapp's Assorted Antiques.
  4475 | D:6      | Bought a runed marble ring for 125 gold pieces
  4475 | D:6      | Bought a scroll labelled FAMOYHYLUS for 25 gold pieces
  4475 | D:6      | Bought a scroll labelled DENUSAULYR for 25 gold pieces
  4475 | D:6      | Bought a scroll labelled PUARYE TU GILL for 25 gold pieces
  4523 | D:6      | Noticed a shadow demon
  4523 | D:6      | Noticed a shadow demon
  4537 | D:7      | Killed a shadow demon
  4574 | D:7      | Killed a shadow demon
  4863 | D:6      | Found a glowing silver altar of Zin.
  4882 | D:6      | Reached skill level 5 in Shields
  4924 | D:6      | Found a runed translucent door.
  4925 | D:6      | Noticed Crazy Yiuf
  5057 | D:6      | Noticed Eustachio
  5062 | D:6      | Killed Eustachio
  5075 | D:6      | Found a burning altar of Makhleb.
  5082 | D:6      | Noticed an Executioner
  5215 | D:6      | Killed Crazy Yiuf
  5216 | D:6      | Reached skill level 5 in Fighting
  5486 | D:7      | Found an ornate altar of the Wu Jian Council.
  5607 | D:7      | Reached skill level 5 in Armour
  6173 | D:8      | Identified the of Etagin
  6173 | D:8      | Identified the "Baczuib"
  6209 | D:8      | Reached XP level 9. HP: 66/74 MP: 8/8
  6226 | D:8      | Noticed Prince Ribbit
  6239 | D:8      | Reached skill level 11 in Polearms
  6252 | D:8      | Killed Prince Ribbit
  6302 | D:8      | Noticed Grum
  6321 | D:8      | Killed Grum
  6350 | D:8      | Noticed a two-headed ogre
  6361 | D:8      | Killed a two-headed ogre
  6383 | D:8      | Noticed an eight-headed hydra
  6383 | D:8      | Noticed a centaur warrior
  6387 | D:8      | Gained mutation: You expend magic power (3 MP) to
                  | strengthen your wands. [potion of mutation]
  6387 | D:8      | Gained mutation: You are partially covered in iridescent
                  | scales. (AC +2) [potion of mutation]
  6387 | D:8      | Gained mutation: You are mostly covered in iridescent
                  | scales. (AC +4) [potion of mutation]
  6387 | D:8      | Gained mutation: Your muscles are strong. (Str +4, Int/Dex
                  | -1) [potion of mutation]
  6388 | D:8      | Slain by an eight-headed hydra

Illustrated notes

Levels and vault maps discovered:
D:1:      roderic_dead_forest, layout_loops_ring, corner_web_ring
D:2:      layout_basic, shapermc_ecumenical_altar_acropolis, serial_glass,
          glass_columns_b, glass_columns_a, uniq_sigmund
D:3:      layout_basic, kennysheep_generic_room_9
D:4:      layout_basic, minmay_temple_entry_mini_moons, serial_shops,
          nicolae_shop_scrapyard
D:5:      layout_loops_corners, ebering_dispersal_statue_hall,
          kennysheep_decorative_pillar
D:6:      layout_loops_corners, mainiacjoe_overflow_surrounded_room,
          makhleb_altar_promises_db, serial_shops, shop, uniq_eustachio,
          uniq_crazy_yiuf_cottage
D:7:      layout_loops_corners, nzn_wu_jian_contemplation
D:8:      layout_cave_pools, grunt_temple_overflow_magic_moments,
          kennysheep_mini, st_stairs_10, minmay_misc_feat_square, uniq_grum,
          uniq_prince_ribbit1, uniq_maggie
Temple:   compressed_dpeg_circular_temple

Skill      XL: |  1  2  3  4  5  6  7  8  9 |
---------------+----------------------------+-----
Polearms       | 3 4 7 9 10 11 | 11.4
Fighting       | 4 5 6 |  6.5
Throwing       | 1 2 4 |  4.0
Armour         | 4 5 6 |  6.3
Dodging        | 1 3 4 |  4.6
Shields        | 4 6 8 |  8.1

Action                     |  1- 3 |  4- 6 |  7- 9 || total
---------------------------+-------+-------+-------++-------
  Melee: Trident           |    54 |   129 |   261 ||   444
         Headbutt          |     4 |    12 |    55 ||    71
 Invoke: Renounce Religion |       |     1 |       ||     1
    Use: Scroll            |       |       |     9 ||     9
         Potion            |       |       |     4 ||     4
 Armour: Scale mail        |    23 |    45 |    98 ||   166
  Dodge: Dodged            |    20 |    49 |    92 ||   161
  Block: Buckler           |    11 |    20 |       ||    31
         Kite shield       |       |       |   129 ||   129

Table legend: (Time is in decaauts)
 A = Elapsed time spent in this place.
 B = Non-inter-level travel time spent in this place.
 C = Inter-level travel time spent in this place.
 D = Time resting spent in this place.
 E = Time spent auto-exploring this place.
 F = Levels seen in this place.
 G = Mean time per level.
                   A        B        C        D        E       F      G
               +--------+--------+--------+--------+--------+-----+--------+
         Total |   6363 |   5668 |    695 |     92 |   4462 |   9 |  707.0 |
       Dungeon |   6305 |   5623 |    682 |     92 |   4462 |   8 |  788.1 |
        Temple |     58 |     45 |     13 |      0 |      0 |   1 |   58.0 |
               +--------+--------+--------+--------+--------+-----+--------+

Top non-repeatable levels by time:
     D:3: 1122 daAuts
     D:6: 1055 daAuts
     D:7: 965 daAuts
     D:5: 833 daAuts
     D:2: 725 daAuts
     D:4: 714 daAuts
     D:1: 685 daAuts
     D:8: 202 daAuts
  Temple: 58 daAuts
